 Dungeon Crawl Stone Soup version 0.29.1-1-gd02db6906a (webtiles) character file.

Game seed: 17946721169144370327

5432 groovy9 the Thaumaturge (level 10, -5/75 HPs)
             Began as a Deep Elf Conjurer on Sept 20, 2022.
             Was a Follower of Vehumet.
             Slain by Maggie
             ... wielding a +2 vorpal halberd
              (14 damage)
             ... on level 7 of the Dungeon.
             The game lasted 00:35:01 (9663 turns).

groovy9 the Thaumaturge (Deep Elf Conjurer)         Turns: 9663, Time: 00:35:02

Health: -5/75      AC: 25    Str: 11    XL:     10   Next: 40%
Magic:  2/28       EV:  2    Int: 34    God:    Vehumet [*.....]
Gold:   385        SH:  0    Dex: 13    Spells: 21/33 levels left

rFire   . . .      SeeInvis .   H - +12 quarterstaff "Xeinief" {distort, rPois Str+7}
rCold   . . .      Faith    .   (shield currently unavailable)
rNeg    . . .      Spirit   .   (body armour currently unavailable)
rPois   +          Reflect  .   (helmet currently unavailable)
rElec   .          Harm     .   (cloak currently unavailable)
rCorr   .          Rampage  .   (gloves currently unavailable)
Will    +....      NoTele   +   (boots currently unavailable)
Stlth   ++........              j - amulet of regeneration
HPRegen 1.02/turn               l - ring of poison resistance
MPRegen 0.21/turn               c - +6 ring of intelligence

@: tree-form
A: stationary, stasis, torment immunity, boosted hp
a: Renounce Religion


You were on level 7 of the Dungeon.
You worshipped Vehumet.
Vehumet was aware of your devotion.
You were a tree.
You visited 2 branches of the dungeon, and saw 8 of its levels.

You collected 385 gold pieces.

Inventory:

Hand Weapons
 E - the +3 lajatang "Soquzy" {freeze, Int+3}
   (You found it on level 6 of the Dungeon)

   It freezes those it strikes, dealing additional cold damage.
   It can also slow down cold-blooded creatures.
   Int:       It affects your intelligence (+3).
 H - the +12 quarterstaff "Xeinief" (weapon) {distort, rPois Str+7}
   (You took it off a gnoll bouda on level 7 of the Dungeon)

   It warps and distorts space around it, and may blink, banish, or inflict
   extra damage upon those it strikes.
   Unwielding it can cause banishment or high damage.
   Str:       It affects your strength (+7).
   rPois:     It protects you from poison.
Missiles
 i - 10 poisoned darts
 z - 4 throwing nets
Armour
 d - the +0 ring mail "Okeropp" {rF+}
   (You found it on level 3 of the Dungeon)

   rF:        It protects you from fire.
 h - a +2 helmet (melded)
 r - an orb of energy
 D - +0 steam dragon scales (melded)
Jewellery
 c - a +6 ring of intelligence (right branch)
 j - an amulet of regeneration (around neck)
 l - a ring of poison resistance (left branch)
 s - a ring of resist corrosion
 v - a ring of protection from cold
 y - a ring of protection from cold
Wands
 a - a wand of paralysis (7)
 u - a wand of quicksilver (4)
 A - a wand of mindburst (51)
Scrolls
 k - 2 scrolls of amnesia
 m - 2 scrolls of teleportation
 o - a scroll of enchant weapon
 B - 2 scrolls of immolation {unknown}
 F - a scroll of vulnerability
 G - a scroll of butterflies
 I - a scroll of brand weapon
 J - a scroll of noise {unknown}
 K - a scroll of fear {unknown}
Potions
 b - 2 potions of magic
 e - 5 potions of haste
 f - 2 potions of lignification
 g - 13 potions of curing
 n - a potion of mutation {unknown}
 p - a potion of attraction {unknown}
 q - a potion of invisibility {unknown}
 t - 6 potions of flight {unknown}
 w - a potion of heal wounds {unknown}
 x - 2 potions of brilliance {unknown}
 C - a potion of degeneration {unknown}


   Skills:
 + Level 2.4 Staves
 - Level 2.4 Dodging
 - Level 2.4 Stealth
 + Level 12.0 Spellcasting
 + Level 9.9 Conjurations
 - Level 3.2 Hexes
 * Level 9.9 Translocations


You had 21 spell levels left.
You knew the following spells:

 Your Spells              Type           Power      Damage    Failure   Level
a - Magic Dart            Conj           100%       1d8       1%          1
b - Searing Ray           Conj           100%       2d8       1%          2
c - Iskenderun's Mystic   Conj/Tloc      73%        2d15      1%          4
d - Dazzling Flash        Conj/Hex       100%       N/A       1%          3
e - Slow                  Hex            100%       N/A       1%          1
f - Foxfire               Conj/Fire      100%       2x1d9     1%          1

Your spell library contained the following spells:

 Spells                   Type           Power      Damage    Failure   Level
 Ensorcelled Hibernation  Hex/Ice        62%        N/A       1%          2
 Confusing Touch          Hex            42%        N/A       1%          3
 Fulminant Prism          Conj/Hex       30%        3d16      1%          4
 Passwall                 Tmut/Erth      16%        N/A       3%          2
 Sublimation of Blood     Necr           20%        N/A       3%          2
 Wereblood                Tmut           20%        N/A       3%          2
 Swiftness                Air            20%        N/A       6%          3
 Vampiric Draining        Necr           20%        2d7       6%          3
 Summon Hydra             Summ           10%        N/A       100%        7


Dungeon Overview and Level Annotations

Branches:
Dungeon (7/15)             Temple (1/1) D:6

Altars:
Ashenzari
Cheibriados
Dithmenos
Elyvilon
Fedhas
Gozag
Hepliaklqana
Kikubaaqudgha
Makhleb
Nemelex Xobeh
Okawaru
Qazlal
Ru
Sif Muna
Trog
Uskayaw
Vehumet
Wu Jian
Xom
Yredelemnul
Zin
The Shining One

Shops:
D:6 *

Annotations:
D:7 Maggie


Message History

(Press . to maintain the ray.) Maggie gestures wildly while chanting.
Maggie attempts to bespell you!
You are mesmerised by Maggie!
The searing ray hits Maggie.
Maggie is moderately wounded.
Maggie hits you from afar with a +2 vorpal halberd.
The searing ray hits Maggie!
Maggie is heavily wounded.
The searing ray hits Maggie!
Maggie is severely wounded.
You finish channelling your searing ray.
Maggie hits you from afar with a +2 vorpal halberd.
* * * LOW HITPOINT WARNING * * *
x2
Casting: Searing Ray (safe; 1% risk of failure)
Confirm with . or Enter, or press ? or * to list all spells.
Casting: Dazzling Flash (safe; 1% risk of failure)
Press: ? - help, Dir - look around, f - activate
Casting: Dazzling Flash (safe; 1% risk of failure)
Confirm with . or Enter, or press ? or * to list all spells.
Aiming: Searing Ray (safe; 1% risk of failure)
Press: ? - help, Shift-Dir - straight line, f - Maggie
Aim: Maggie, wielding a +2 vorpal halberd, wearing +0 acid dragon scales and carrying a wand of polymorph (2) (severely wounded, mesmerising, slow, 83% to hit)
The searing ray hits Maggie!
Maggie is severely wounded. (Press . to maintain the ray.) Maggie hits you from afar with a +2 vorpal halberd.
* * * LOW HITPOINT WARNING * * *
x2 The searing ray hits Maggie.
Maggie is almost dead.
Maggie hits you from afar with a +2 vorpal halberd!
* * * LOW HITPOINT WARNING * * *
x2 The searing ray hits Maggie.
Maggie is almost dead.
You break out of your daze.
The searing ray hits Maggie.
Maggie is almost dead.
You finish channelling your searing ray.
Maggie hits you from afar with a +2 vorpal halberd!
You die...

..÷.....>#.>.....#
.)##.##..# #'# ...#
..##'##..## ..####...#
..........# ........#
..........# ..@....#
..........# o.....#
###'###...###### )...
.....##...##...###@####
................♣)....#
......................#
......................#
..##.##.####...####...#
).##.##.####...####...#
......................#
......................#
......................#
<...................


You could see Maggie (slow).

Vanquished Creatures
  A hydra (D:6)
  Pikel (D:7)
  Joseph (D:7)
  A troll (D:6)
  A yak (D:5)
  A wraith (D:5)
  2 steam dragons (D:6)
  Edmund (D:4)
  3 water moccasins
  4 ice beasts (D:6)
  A sky beast (D:6)
  4 orc warriors
  3 ogres
  A centaur (D:7)
  2 phantoms
  2 bullfrogs
  A gnoll sergeant (D:7)
  3 scorpions
  2 necrophages
  A howler monkey (D:5)
  3 hounds
  2 jellies (D:5)
  A gnoll bouda (D:7)
  5 orc priests
  7 iguanas
  7 orc wizards
  17 gnolls
  5 adders
  A white imp (D:5)
  2 ufetubi (D:5)
  3 worms (D:2)
  4 dart slugs
  19 orcs
  7 endoplasms
  3 giant cockroaches
  14 goblins
  9 hobgoblins
  10 jackals
  8 kobolds
  5 quokkas
  4 ball pythons
  4 bats
  2 frilled lizards
  22 rats
200 creatures vanquished.

Vanquished Creatures (others)
  4 foxfires (D:7)
4 creatures vanquished.

Grand Total: 204 creatures vanquished

Notes
Turn   | Place    | Note
-------+----------+-------------------------------------------
     0 | D:1      | groovy9 the Deep Elf Conjurer began the quest for the Orb.
     0 | D:1      | Reached XP level 1. HP: 10/10 MP: 6/6
   341 | D:1      | Found a faded altar of an unknown god.
   432 | D:1      | Reached XP level 2. HP: 15/15 MP: 3/8
  1011 | D:1      | Reached skill level 4 in Spellcasting
  1440 | D:2      | Reached skill level 5 in Conjurations
  1440 | D:2      | Reached XP level 3. HP: 14/19 MP: 3/10
  1829 | D:2      | Reached XP level 4. HP: 24/24 MP: 0/12
  2224 | D:2      | Found a shadowy altar of Dithmenos.
  2315 | D:2      | Learned a level 2 spell: Searing Ray
  2320 | D:2      | Learned a level 4 spell: Iskenderun's Mystic Blast
  2324 | D:2      | Learned a level 3 spell: Dazzling Flash
  2565 | D:3      | Identified the +0 ring mail "Okeropp" {rF+}
  2693 | D:3      | Reached skill level 5 in Spellcasting
  2847 | D:3      | Reached XP level 5. HP: 21/28 MP: 2/14
  3298 | D:3      | Reached skill level 6 in Spellcasting
  3738 | D:4      | Found a faded altar of an unknown god.
  3742 | D:4      | Found a faded altar of an unknown god.
  3744 | D:4      | Found a hazy altar of Hepliaklqana.
  3746 | D:4      | Found a faded altar of an unknown god.
  3786 | D:4      | Reached XP level 6. HP: 29/32 MP: 9/17
  4375 | D:4      | Noticed Edmund
  4405 | D:4      | Killed Edmund
  4406 | D:4      | Reached skill level 7 in Spellcasting
  5085 | D:5      | Entered Level 5 of the Dungeon
  5146 | D:5      | Noticed a wraith
  5277 | D:5      | Reached XP level 7. HP: 36/36 MP: 13/19
  5534 | D:5      | Reached skill level 8 in Spellcasting
  5782 | D:5      | Reached skill level 1 in Hexes
  5782 | D:5      | Reached skill level 1 in Translocations
  5938 | D:5      | Noticed a yak
  5954 | D:5      | Killed a yak
  5955 | D:5      | Reached skill level 9 in Spellcasting
  5955 | D:5      | Reached XP level 8. HP: 39/41 MP: 10/23
  6887 | D:6      | Found Nohum's General Store.
  6896 | D:6      | Reached skill level 5 in Translocations
  7099 | D:6      | Reached skill level 10 in Spellcasting
  7232 | D:6      | Found a staircase to the Ecumenical Temple.
  7266 | Temple   | Entered the Ecumenical Temple
  7319 | Temple   | Became a worshipper of Vehumet
  7580 | D:6      | Noticed an eight-headed hydra
  7834 | D:6      | Reached XP level 9. HP: 45/45 MP: 19/25
  7984 | D:6      | Noticed a troll
  7992 | D:6      | Killed a troll
  8206 | D:6      | Found a sparkling altar of Nemelex Xobeh.
  8212 | D:6      | Found a glowing golden altar of the Shining One.
  8215 | D:6      | Found a broken altar of Ashenzari.
  8295 | D:6      | Killed an eight-headed hydra
  8296 | D:6      | Reached skill level 11 in Spellcasting
  8646 | D:6      | Identified the +3 lajatang "Soquzy" {freeze, Int+3}
  8913 | D:6      | Reached XP level 10. HP: 50/50 MP: 22/27
  8919 | D:6      | Reached * piety under Vehumet
  8919 | D:6      | Offered knowledge of Foxfire by Vehumet.
  8922 | D:6      | Learned a level 1 spell: Slow
  8924 | D:6      | Learned a level 1 spell: Foxfire
  9015 | D:7      | Reached skill level 1 in Staves
  9091 | D:7      | Identified the +12 quarterstaff "Xeinief" {distort, rPois
                  | Str+7}
  9479 | D:7      | Noticed Joseph
  9494 | D:7      | Killed Joseph
  9636 | D:7      | Noticed Pikel
  9643 | D:7      | Killed Pikel
  9644 | D:7      | Reached skill level 12 in Spellcasting
  9646 | D:7      | Noticed Maggie
  9663 | D:7      | Slain by Maggie

Illustrated notes

Levels and vault maps discovered:
D:1:      dpeg_arrival_castle, layout_basic, shapermc_ecumenical_altar_acropolis
D:2:      kennysheep_the_goblin_king, layout_basic, basic_altar
D:3:      layout_rooms
D:4:      layout_layer_cave, nicolae_hepliaklqana_ecumenical_no_more,
          kennysheep_cross_bottleneck, minmay_rat_hole, uniq_edmund
D:5:      minmay_chambers_of_fours, layout_loops_corners, st_stairs_9
D:6:      layout_rooms, minmay_overflow_temple_star_quad,
          minmay_temple_entry_tees, serial_shops, nicolae_shop_crystal,
          grunt_potential
D:7:      layout_gridville, uniq_pikel, uniq_maggie, uniq_joseph
Temple:   dpeg_five_rooms_temple

Skill      XL: |  1  2  3  4  5  6  7  8  9 10 |
---------------+-------------------------------+-----
Spellcasting   | 4 5 6 7 9 10 11 12 | 12.0
Conjurations   | 5 6 7 8 9 |  9.9
Hexes          | 2 3 |  3.2
Translocations | 2 6 9 |  9.9
Staves         | 2 |  2.4
Dodging        | |  2.4
Stealth        | |  2.4

Action                   |  1- 3 |  4- 6 |  7- 9 | 10-12 || total
-------------------------+-------+-------+-------+-------++-------
Melee: Dagger            |       |     1 |     3 |       ||     4
       Quarterstaff      |       |       |       |     2 ||     2
Throw: Throwing net      |       |       |     2 |       ||     2
 Cast: Magic Dart        |    79 |   132 |    69 |    20 ||   300
       Searing Ray       |       |    19 |    61 |    25 ||   105
       Iskenderun's Myst |       |       |    14 |     6 ||    20
       Foxfire           |       |       |       |     3 ||     3
       Slow              |       |       |       |     1 ||     1
       Dazzling Flash    |       |       |       |     1 ||     1
Evoke: Wand              |       |       |     1 |       ||     1
  Use: Scroll            |     4 |     6 |     3 |       ||    13
       Potion            |       |     1 |     2 |     1 ||     4
Armor: Robe              |     3 |     7 |    11 |       ||    21
       Steam dragon scal |       |       |    12 |     2 ||    14
       Skin              |       |       |     2 |       ||     2
Dodge: Dodged            |     5 |    10 |    40 |    18 ||    73
